 Dungeon Crawl Stone Soup version 0.29.1-2-gbd0b4ee654 (webtiles) character file.

Game seed: 8258029611596991037

3295 mortz the Zephyrmancer (level 10, -2/45 HPs)
             Began as a Tengu Air Elementalist on Nov 17, 2022.
             Was a Follower of Hepliaklqana.
             Constricted to death by Joseph (5 damage)
             ... on level 7 of the Dungeon.
             The game lasted 00:46:59 (10473 turns).

mortz the Zephyrmancer (Tengu Air Elementalist)    Turns: 10473, Time: 00:47:00

Health: -2/45      AC: 14    Str:  8    XL:     10   Next: 1%
Magic:  1/20       EV:  7    Int: 26    God:    Hepliaklqana [*.....]
Gold:   426        SH:  0    Dex: 15    Spells: 12/22 levels left

rFire   + + .      SeeInvis .   a - +0 short sword (venom)
rCold   + . .      Faith    +   (no shield)
rNeg    . . .      Spirit   .   o - +6 scale mail of Reason {rF++ rC+}
rPois   +          Reflect  .   (helmet restricted)
rElec   .          Harm     .   (no cloak)
rCorr   .          Rampage  .   (no gloves)
Will    .....                   (boots unavailable)
Stlth   +.........              y - amulet of faith
HPRegen 0.15/turn               J - ring of poison resistance
MPRegen 0.17/turn               t - +6 ring of intelligence

@: grasped by roots, flying quickly and evasively, constricted, quick
A: reduced essence, beak, talons 3, nimble flight
a: Renounce Religion, Recall Ancestor, Ancestor Identity


You were on level 7 of the Dungeon.
You worshipped Hepliaklqana.
Hepliaklqana was aware of your devotion.
You visited 2 branches of the dungeon, and saw 8 of its levels.

You collected 426 gold pieces.

Inventory:

Hand Weapons
 a - a +0 short sword of venom (weapon)
 c - a +0 short sword
 e - a +0 dagger
 h - a +0 war axe
 i - a +0 spear
 D - a +0 scimitar
 E - a +2 dagger of chaos
 O - a +1 vampiric hand axe
Missiles
 d - 66 stones
 q - 8 poisoned darts
 H - 5 boomerangs
Armour
 l - a +0 kite shield
 o - the +6 scale mail of Reason (worn) {rF++ rC+}
   (You found it on level 5 of the Dungeon)

   rF:        It greatly protects you from fire.
   rC:        It protects you from cold.
 C - a +1 leather armour of willpower
 I - +0 steam dragon scales
 N - +0 swamp dragon scales
Jewellery
 m - a ring of protection from fire
 t - a +6 ring of intelligence (right hand)
 y - an amulet of faith (around neck)
 J - a ring of poison resistance (left hand)
Wands
 L - a wand of paralysis (3)
 M - a wand of digging (4)
Scrolls
 f - 6 scrolls of teleportation
 j - a scroll of magic mapping {unknown}
 k - a scroll of fog {unknown}
 n - a scroll of brand weapon {unknown}
 p - 3 scrolls of amnesia
 w - a scroll of poison {unknown}
 x - a scroll of vulnerability {unknown}
 A - a scroll of noise {unknown}
 G - 2 scrolls of identify
Potions
 b - 3 potions of magic
 g - 3 potions of might
 r - 3 potions of lignification
 s - 2 potions of invisibility
 u - a potion of mutation
 v - 2 potions of brilliance
 z - 3 potions of heal wounds
 B - 2 potions of curing
 F - 2 potions of cancellation
 K - a potion of berserk rage {unknown}
 P - a potion of resistance {unknown}


   Skills:
 * Level 8.8 Armour
 - Level 2.1 Dodging
 - Level 2.0 Stealth
 - Level 6.6 Spellcasting
 - Level 7.2 Conjurations
 * Level 9.8 Air Magic


You had 12 spell levels left.
You knew the following spells:

 Your Spells              Type           Power      Damage    Failure   Level
a - Shock                 Conj/Air       100%       1d9       1%          1
b - Static Discharge      Conj/Air       52%        3-10/arc  1%          2
c - Swiftness             Air            56%        N/A       2%          3
A - Airstrike             Air            28%        2d(4-20)  8%          4

Your spell library contained the following spells:

 Spells                   Type           Power      Damage    Failure   Level
 Dazzling Flash           Conj/Hex       54%        N/A       28%         3
 Iskenderun's Mystic Bla  Conj/Tloc      27%        2d7       67%         4
 Summon Guardian Golem    Hex/Summ       8%         N/A       78%         3
 Petrify                  Tmut/Erth      8%         N/A       99%         4
 Metabolic Englaciation   Hex/Ice        4%         N/A       100%        5
 Starburst                Conj/Fire      13%        6d6       100%        6
 Statue Form              Tmut/Erth      5%         N/A       100%        6
 Orb of Destruction       Conj           23%        9d8       100%        7
 Spellforged Servitor     Conj/Summ      13%        N/A       100%        7
 Chain Lightning          Conj/Air       26%        3d34      100%        9
 Fire Storm               Conj/Fire      13%        8d4       100%        9
 Shatter                  Erth           4%         3d7*      100%        9


Dungeon Overview and Level Annotations

Branches:
Dungeon (7/15) Zot: 26233  Temple (1/1) D:5 Zot: 5586

Altars:
Ashenzari
Cheibriados
Elyvilon
Gozag
Hepliaklqana
Makhleb
Nemelex Xobeh
Qazlal
Ru
Sif Muna
Trog
Uskayaw
Wu Jian
Xom

Annotations:
D:6 1 exclusion
D:7 Joseph


Innate Abilities, Weirdness & Mutations

Your life essence is reduced to manifest your ancestor. (-10% HP)
You have a beak for a mouth.
You have claws for feet.
Your magical nature lets you fly swiftly and evasively.


Message History

Joseph is struck by an arc of lightning!
Joseph is severely wounded.
Glurtz avoids your attack. Joseph hits you with a +0 quarterstaff!
Glurtz closely misses Joseph.
Casting: Static Discharge (safe; 1% risk of failure)
Confirm with . or Enter, or press ? or * to list all spells.
Joseph is struck by an arc of lightning.
Joseph is severely wounded.
You are struck by an arc of lightning.
The lightning grounds out.
Glurtz avoids your attack. Joseph closely misses you.
Glurtz hits Joseph.
Casting: Static Discharge (safe; 1% risk of failure)
Confirm with . or Enter, or press ? or * to list all spells.
Joseph is struck by an arc of lightning!
Joseph is almost dead.
You are struck by an arc of lightning.
Glurtz avoids your attack. x2
Joseph closely misses you.
Glurtz barely misses Joseph.
Casting: Static Discharge (safe; 1% risk of failure)
Confirm with . or Enter, or press ? or * to list all spells.
Joseph is struck by an arc of lightning.
Joseph is almost dead.
Glurtz avoids your attack.
Joseph zaps a wand.
The roots erupt in riotous growth!
The grasping roots grab you!
Joseph is unaffected.
Glurtz is unaffected.
The grasping roots constrict you.
Glurtz hits Joseph but does no damage.
You are too injured to fight recklessly!
You completely miss Joseph. You claw Joseph, but do no damage.
Joseph is almost dead.
Joseph hits you with a +0 quarterstaff!
* * * LOW HITPOINT WARNING * * *
The grasping roots constrict you.
* * * LOW HITPOINT WARNING * * *
Glurtz barely misses Joseph.
You closely miss Joseph. You claw Joseph. Your peck misses Joseph.
Joseph is almost dead.
Joseph hits you with a +0 quarterstaff.
* * * LOW HITPOINT WARNING * * *
The grasping roots constrict you.
You die...

.....# ##.# .....#
#######..##
.....####.........##
......##..####.....#
......##..####.....#
......##...##......#
...................#
..................##
....#...#####...@..#
####...## ##..@R..#
.......# ####>...#
######## .....#
.....# ##. .....#
...# .....# ......
...... ##### .......


You could see the friendly glurtz the ancestor and Joseph (ally target).

Vanquished Creatures
  Pikel (D:7)
  Maggie (D:7)
  A yak (D:6)
  A steam dragon (D:6)
  A sky beast (D:6)
  2 black bears (D:6)
  An orc warrior (D:6)
  2 ice beasts (D:6)
  2 ogres (D:6)
  A centaur (D:6)
  A lemure (D:7)
  2 phantoms
  2 bullfrogs (D:6)
  A scorpion (D:4)
  3 necrophages
  2 howler monkeys
  A crimson imp (D:5)
  2 hounds (D:5)
  A jelly (D:5)
  A gnoll bouda (D:6)
  3 iguanas
  An orc wizard (D:5)
  4 gnolls (D:4)
  9 adders
  A shadow imp (D:6)
  A white imp (D:6)
  An ufetubus (D:7)
  2 worms
  2 dart slugs (D:3)
  17 orcs
  10 endoplasms
  4 giant cockroaches (D:1)
  4 goblins
  2 hobgoblins
  7 kobolds
  3 quokkas
  7 ball pythons
  4 bats
  6 frilled lizards (D:1)
  4 rats
121 creatures vanquished.

Vanquished Creatures (collateral kills)
  A steam dragon (D:7)
  An ogre (D:6)
  A centaur (D:6)
  A scorpion (D:6)
  An orc wizard (D:7)
  An adder (D:6)
6 creatures vanquished.

Vanquished Creatures (others)
  5 ancestors
  2 orcs (D:7)
7 creatures vanquished.

Grand Total: 134 creatures vanquished

Notes
Turn   | Place    | Note
-------+----------+-------------------------------------------
     0 | D:1      | mortz the Tengu Air Elementalist began the quest for the
                  | Orb.
     0 | D:1      | Reached XP level 1. HP: 10/10 MP: 4/4
   298 | D:1      | Reached XP level 2. HP: 15/15 MP: 4/6
   318 | D:1      | Found a faded altar of an unknown god.
   657 | D:1      | Learned a level 2 spell: Static Discharge
   793 | D:1      | Reached XP level 3. HP: 19/19 MP: 3/7
  2663 | D:3      | Reached XP level 4. HP: 21/24 MP: 4/9
  2819 | D:3      | Reached skill level 5 in Air Magic
  3856 | D:4      | Noticed a scorpion
  3861 | D:4      | Killed a scorpion
  3862 | D:4      | Gained mutation: Your magical nature lets you fly swiftly
                  | and evasively. [Tengu growth]
  3862 | D:4      | Reached XP level 5. HP: 25/28 MP: 3/11
  4043 | D:4      | Learned a level 3 spell: Swiftness
  4048 | D:4      | Learned a level 4 spell: Airstrike
  4154 | D:4      | Reached XP level 6. HP: 25/32 MP: 4/12
  4341 | D:4      | Reached skill level 6 in Air Magic
  5099 | D:5      | Entered Level 5 of the Dungeon
  5475 | D:5      | Identified the +6 scale mail of Reason {rF++ rC+}
  5522 | D:5      | Reached skill level 5 in Conjurations
  5577 | D:5      | Found a staircase to the Ecumenical Temple.
  5591 | Temple   | Entered the Ecumenical Temple
  6011 | Temple   | Became a worshipper of Hepliaklqana the Forgotten
  6108 | D:5      | Reached skill level 1 in Armour
  6108 | D:5      | Reached XP level 7. HP: 31/36 MP: 6/14
  6331 | D:5      | Found a shimmering altar of Xom.
  6331 | D:5      | Found a burning altar of Makhleb.
  6980 | D:6      | Reached skill level 7 in Air Magic
  7132 | D:6      | Reached XP level 8. HP: 35/41 MP: 5/15
  7214 | D:6      | Reached * piety under Hepliaklqana
  7752 | D:6      | Reached skill level 5 in Spellcasting
  7945 | D:6      | Reached skill level 5 in Armour
  8009 | D:6      | Reached skill level 8 in Air Magic
  8163 | D:6      | Reached XP level 9. HP: 26/40 MP: 8/18
  8838 | D:6      | HP: 1/40 [orc warrior/+0 glaive (4)]
  9263 | D:6      | Reached skill level 9 in Air Magic
  9708 | D:7      | Noticed Maggie
  9774 | D:7      | Killed Maggie
 10090 | D:7      | Noticed Pikel
 10108 | D:7      | Killed Pikel
 10454 | D:7      | Reached XP level 10. HP: 42/45 MP: 12/20
 10463 | D:7      | Noticed Joseph
 10473 | D:7      | Constricted to death by Joseph

Illustrated notes

Levels and vault maps discovered:
D:1:      psy_arrival_terrarium, layout_basic, ebering_ecumenical_altar_ruins
D:2:      layout_loops_ring
D:3:      layout_loops_corners
D:4:      layout_basic
D:5:      layout_rooms, grunt_temple_overflow_champion_of_chaos,
          minmay_temple_entry_ruins
D:6:      kennysheep_windowed_halls, layout_loops_cross
D:7:      layout_layer_cave, grunt_temple_overflow_holy_war, serial_glass,
          glass_columns_b, glass_columns_c, uniq_joseph, uniq_pikel, uniq_maggie
Temple:   minmay_temple_forest_path

Skill      XL: |  1  2  3  4  5  6  7  8  9 |
---------------+----------------------------+-----
Conjurations   | 2 3 4 5 7 |  7.2
Air Magic      | 5 6 7 8 9 |  9.8
Spellcasting   | 3 4 5 6 |  6.6
Armour         | 1 3 6 8 |  8.8
Dodging        | |  2.1
Stealth        | |  2.0

Action                   |  1- 3 |  4- 6 |  7- 9 | 10-12 || total
-------------------------+-------+-------+-------+-------++-------
Melee: Dagger            |       |       |    13 |       ||    13
       Kick              |       |       |     4 |     2 ||     6
       Short sword       |       |       |       |     2 ||     2
 Cast: Shock             |    70 |    78 |   171 |       ||   319
       Static Discharge  |     7 |    15 |    32 |     7 ||    61
Invok: Ancestor Identity |       |       |     1 |       ||     1
  Use: Scroll            |       |    10 |     2 |       ||    12
Armor: Robe              |     4 |     1 |       |       ||     5
       Scale mail        |       |     1 |    42 |       ||    43
Dodge: Dodged            |     9 |     8 |    27 |     3 ||    47
